AoeStats
← Runxi24

Highland

504180886Analyzed
4v4 RM · 29d ago on Sep 4, 2026· 20m 53s· 8 players
Game mode
Random Map
Map size
Large (8 player)
Population
200
Speed
Normal
Resources
Standard
Victory
Conquest
Starting age
Dark Age
Ending age
Imperial Age
RankedLock teamsTeams togetherTeam positionsShared explorationLock speedFull tech treeHidden civsTurbo modeCheats
Victory
Defeat
🇨🇳 Lithuanians · China
1168
+16
🇮🇳 Bohemians · India
1165
+16
🇬🇧 Koreans · United Kingdom
1143
+17
🇲🇳 Spanish · Mongolia
1069
+21
🇪🇸 Poles · Spain
1231
-20
🇪🇸 Vietnamese · Spain
1202
-19
🇩🇪 Persians · Germany
1162
-17
🇳🇿 Berbers · New Zealand
1087
-14
4Tapping
5:09 Loom
11:18 Feudal Age
13:42 Fletching
18:57 Castle Age
18:58 Crossbowman
19:45 Bodkin Arrow
19:43 Pikeman
20:23 Double-Bit Axe
raw0000
10:37 Feudal Age
9:12 Loom
15:17 Castle Age
15:12 Forging
15:07 Scale Barding Armor
16:06 Husbandry
19:07 Iron Casting
20:36 Chain Barding Armor
xiaochenmalatang2
0:44 Loom
13:58 Feudal Age
14:47 Double-Bit Axe
15:46 Town Watch
16:01 Fishing Lines
18:04 Gold Mining
21:59 Castle Age
21:35 Scale Barding Armor
21:41 Forging
Vectorz
5:30 Loom
10:58 Feudal Age
15:21 Double-Bit Axe
15:17 Horse Collar
20:52 Castle Age
ReyCocobolo
3:10 Loom
4:46 Loom
AkNeyls
11:21 Feudal Age
14:56 Castle Age
13:06 Gold Mining
15:20 Loom
15:42 Husbandry
15:53 Bloodlines
18:14 Bloodlines
18:55 Scale Barding Armor
19:53 Forging
20:51 Chain Barding Armor
Runxi24
4:37 Loom
11:07 Feudal Age
Icyriver
3:43 Loom
Connection lost

Rejoining the realm…

Still unreachable

The connection could not be restored.

Session expired

The server has moved on; the page needs a fresh start.